Map: Dusk Towers

Players

DestinyToss

  • Race: Terran Terran
  • League: Diamond

IlllIlllIlll

  • Race: Terran Terran
  • League: Gold

Bounteous

  • Race: Zerg Zerg

llllllllllll

  • Race: Zerg Zerg
  • League: Master

VOD

Have the link to the VOD?

Description

Time

  • Played on: Dec. 5, 2015, 2:52 a.m.
  • Length: 10:13
Show
View Real Time Build Order
Export as new Build Order

DestinyToss Terran 

Build Orders: Command Center First (CC), MMM Bio 

Get SALT Encoding   

  12  0:00  SCV  
  13  0:12  SCV  
  14  0:18  Supply Depot  
  14  0:24  SCV  
  15  0:40  SCV  
  16  0:52  SCV  
  17  1:00  Command Center  
  18  1:04  SCV  
  18  1:14  Barracks  
  18  1:17  SCV  
  19  1:23  Refinery  
  19  1:29  SCV  
  20  1:41  SCV  
  21  1:53  SCV  
  22  2:01  Marine  
  22  2:05  Orbital Command  
  23  2:11  Orbital Command  
  23  2:19  Marine  
  24  2:24  Factory  
  24  2:31  SCV  
  25  2:37  SCV, Refinery  
  25  2:43  Barracks Reactor  
  26  2:44  SCV  
  26  2:49  SCV  
  28  2:53  Command Center  
  28  2:56  SCV  
  29  3:01  SCV  
  30  3:09  SCV  
  30  3:11  Supply Depot  
  31  3:13  SCV  
  31  3:18  Starport  
  32  3:21  SCV  
  32  3:23  Hellion x2  
  32  3:25  SCV  
  38  3:28  Barracks Tech Lab  
  38  3:30  Supply Depot  
  38  3:38  SCV  
  38  3:40  SCV  
  40  3:50  SCV  
  40  3:51  Barracks  
  40  3:52  Factory Reactor, Barracks  
  40  3:55  Stimpack  
  40  3:58  SCV  
  40  4:02  SCV  
  42  4:03  Viking  
  42  4:07  Orbital Command  
  42  4:09  Marine  
  45  4:10  SCV  
  46  4:19  SCV  
  46  4:22  SCV  
  48  4:26  Marine  
  48  4:27  Engineering Bay  
  48  4:28  Engineering Bay  
  49  4:31  SCV  
  49  4:34  SCV  
  49  4:35  Refinery  
  49  4:37  Medivac  
  53  4:41  Supply Depot  
  53  4:44  Marine  
  53  4:45  Factory Reactor, Marine x2  
  56  4:51  Bunker  
  56  4:53  SCV x2  
  56  4:55  Terran Infantry Weapons Level 1, Supply Depot  
  56  4:59  Marine x2  
  60  5:00  SCV  
  60  5:03  Supply Depot  
  60  5:06  Marine  
  60  5:07  Marine x2  
  62  5:11  Medivac  
  62  5:12  SCV  
  67  5:15  Terran Infantry Armor Level 1  
  67  5:16  Marine  
  67  5:17  Marine  
  69  5:26  Barracks  
  69  5:29  Factory Reactor  
  69  5:31  Marine x2  
  69  5:34  Marine  
  72  5:36  SCV  
  72  5:37  SCV  
  72  5:38  SCV  
  72  5:39  Refinery  
  75  5:42  Supply Depot  
  75  5:44  Marine  
  75  5:48  SCV, Marine  
  75  5:49  Marine  
  79  5:52  Marine  
  79  5:53  Armory  
  79  5:54  Barracks  
  79  5:56  Barracks  
  80  5:58  Combat Shields  
  80  6:00  Medivac  
  83  6:04  SCV  
  83  6:05  SCV  
  83  6:08  Marine  
  83  6:09  Marauder, Marine  
  83  6:10  Marine  
  89  6:12  Orbital Command, Widow Mine x2  
  89  6:17  Supply Depot  
  93  6:19  Supply Depot  
  93  6:21  SCV  
  93  6:22  SCV  
  95  6:32  Marauder  
  97  6:35  SCV  
  96  6:40  Marine x2  
  96  6:41  Medivac x2, Marine x2  
  96  6:45  Barracks Reactor  
  96  6:46  Barracks Reactor  
  101  6:49  SCV x2  
  101  6:51  Refinery  
  101  6:52  Refinery  
  101  6:53  Marauder  
  105  6:55  Supply Depot  
  105  6:56  Supply Depot  
  105  6:57  Barracks Tech Lab  
  105  6:59  Marine x3  
  105  7:01  SCV x2  
  109  7:07  Supply Depot  
  109  7:08  Supply Depot  
  110  7:10  SCV  
  110  7:11  Widow Mine  
  110  7:12  Widow Mine  
  110  7:13  Medivac  
  117  7:17  SCV x2  
  119  7:23  Marine x2  
  119  7:24  Marauder, Marine x2  
  119  7:25  Medivac  
  119  7:26  Marine x4  
  119  7:29  SCV  
  132  7:33  Terran Infantry Weapons Level 2  
  132  7:35  Terran Infantry Armor Level 2  
  132  7:40  Missile Turret  
  132  7:41  SCV, Missile Turret  
  133  7:44  Missile Turret  
  133  7:46  Marine x2  
  133  7:47  Marauder, Widow Mine, Marine x3  
  133  7:48  Widow Mine  
  142  7:53  SCV  
  142  7:57  Supply Depot  
  143  7:59  Supply Depot  
  143  8:05  SCV  
  143  8:06  Marine x2  
  143  8:07  Marine  
  143  8:08  Medivac  
  149  8:12  Missile Turret  
  149  8:19  Marauder, Supply Depot, Medivac, Widow Mine x2  
  157  8:20  Supply Depot  
  157  8:21  Concussive Shells, Marauder  
  157  8:23  SCV  
  157  8:24  SCV  
  157  8:36  SCV, Marine  
  157  8:38  Command Center, Marine x3  
  157  8:39  Marine x2  
  157  8:40  Marine  
  166  8:41  Marine  
  166  8:42  Marine  
  166  8:48  Missile Turret  
  150  8:49  Widow Mine x2  
  150  8:54  Marine  
  146  8:56  Marine x3  
  146  8:57  Marine  
  146  8:58  Marine  
  146  8:59  Marine  
  146  9:00  Marine  
  133  9:12  Medivac x2, Marine  
  133  9:14  Marine x4  
  133  9:16  Marine  
  133  9:17  Widow Mine x2, Marine  
  135  9:18  Marine  
  138  9:30  Marine  
  135  9:32  Marine x3  
  135  9:34  Marauder  
  135  9:36  Command Center  
  138  9:42  Medivac x2  
  138  9:45  Marine x3  
  128  9:48  Marine  
  128  9:49  Marine  
  128  9:50  Marine x2  
  128  9:52  Barracks x2  
  117  9:55  Marine  
Show
View Real Time Build Order
Export as new Build Order

IlllIlllIlll Terran 

Build Orders:  

Get SALT Encoding   

  12  0:00  Drone  
  13  0:14  Overlord  
  13  0:17  Drone  
  14  0:32  Drone x2  
  16  0:36  Drone  
  17  0:52  Hatchery  
  17  0:55  Drone  
  17  0:58  Drone  
  18  1:10  Extractor  
  17  1:13  Spawning Pool  
  17  1:17  Drone  
  17  1:21  Drone  
  18  1:31  Drone  
  19  1:42  Overlord  
  19  1:51  Drone  
  20  2:00  Queen  
  22  2:02  Zergling x2  
  22  2:04  Queen  
  22  2:05  Zergling x2  
  26  2:12  Drone  
  27  2:16  Drone  
  27  2:18  Metabolic Boost  
  28  2:24  Drone  
  28  2:28  Drone  
  30  2:38  Queen  
  30  2:39  Drone  
  30  2:40  Overlord  
  33  2:44  Drone  
  33  2:47  Drone  
  35  2:58  Drone  
  35  2:59  Drone  
  37  3:06  Hatchery  
  36  3:15  Drone x4, Overlord  
  36  3:17  Drone  
  36  3:18  Drone x2  
  42  3:47  Extractor  
  42  3:57  Hatchery  
  41  4:02  Extractor  
  41  4:03  Extractor  
  41  4:04  Drone x3  
  41  4:06  Drone x3  
  44  4:23  Queen  
  46  4:26  Lair  
  46  4:33  Zergling x10  
  51  4:40  Queen  
  51  4:41  Overlord x3  
  51  4:42  Zergling x10  
  58  4:49  Overlord  
  58  4:55  Overlord  
  58  4:59  Overlord  
  58  5:00  Drone x4  
  58  5:04  Evolution Chamber, Drone  
  58  5:06  Evolution Chamber  
  61  5:07  Drone  
  61  5:10  Drone  
  61  5:12  Drone  
  61  5:13  Drone  
  65  5:16  Drone  
  65  5:20  Drone x4  
  70  5:24  Overlord  
  70  5:25  Drone x2  
  72  5:33  Drone  
  72  5:34  Drone x2  
  72  5:35  Drone  
  76  5:37  Extractor, Zerg Ground Armor Level 1, Zerg Melee Weapons Level 1  
  76  5:38  Drone, Spire  
  76  5:39  Drone  
  76  5:41  Drone, Extractor  
  76  5:42  Extractor  
  75  5:46  Drone  
  75  5:47  Drone  
  75  5:48  Drone  
  78  5:50  Drone  
  78  5:51  Drone  
  78  5:53  Drone  
  80  5:57  Drone  
  80  5:58  Drone x3  
  80  6:00  Drone  
  85  6:10  Drone x2  
  85  6:11  Drone  
  88  6:15  Overlord  
  88  6:19  Hatchery  
  88  6:20  Drone  
  88  6:22  Baneling Nest  
  87  6:27  Zergling x18  
  87  6:32  Zergling x8  
  100  6:41  Zergling x8  
  100  6:44  Zergling x2  
  100  6:45  Zergling x2  
  98  6:47  Zergling x6  
  101  6:56  Zergling x2  
  101  6:57  Zergling x16  
  110  7:02  Overlord  
  110  7:04  Zergling x2  
  110  7:05  Overlord x3  
  111  7:10  Hatchery  
  111  7:12  Baneling x4  
  111  7:13  Baneling x2  
  111  7:15  Overlord  
  110  7:28  Mutalisk x10  
  130  7:31  Zergling x4  
  130  7:35  Zergling x2  
  133  7:38  Zergling x4  
  133  7:42  Queen, Zergling x4  
  139  7:44  Zerg Melee Weapons Level 2  
  139  7:47  Zerg Ground Armor Level 2  
  139  7:55  Zergling x14  
  144  8:07  Overseer  
  144  8:14  Mutalisk, Spine Crawler  
  144  8:15  Mutalisk x2  
  144  8:18  Overlord x3  
  149  8:22  Spore Crawler  
  148  8:28  Drone  
  148  8:29  Drone x7, Spore Crawler  
  148  8:30  Drone  
  148  8:33  Baneling  
  148  8:34  Baneling x6  
  133  8:53  Zergling x26  
  140  9:00  Mutalisk x4  
  141  9:09  Mutalisk x3  
  143  9:14  Overlord  
  142  9:22  Hatchery, Zergling x4  
  130  9:42  Overseer x2  
  130  9:44  Mutalisk x2  
  130  9:45  Mutalisk x2  
  132  9:47  Zergling x2  
  132  9:48  Zergling x18  
Show
View Real Time Build Order
Export as new Build Order

Bounteous Zerg 

Build Orders:  

Get SALT Encoding   

Show
View Real Time Build Order
Export as new Build Order

llllllllllll Zerg 

Build Orders:  

Get SALT Encoding   

Tags
 
Add a new tag
Caveats
  • Supply blocks, unpowered buildings, or Contaminate may cause inaccurate times.
  • Supply counts are checked every 10 seconds.